 Dungeon Crawl Stone Soup version 0.18-a0-1160-geb89fc2 (webtiles) character file.

248 poirepourri the Skirmisher (level 5, -8/42 HPs)
             Began as a Demonspawn Berserker on Jan 24, 2016.
             Was a Believer of Trog.
             Mangled by a gnoll
             ... wielding a +0 halberd
              (14 damage)
             ... on level 3 of the Dungeon.
             The game lasted 00:03:17 (3726 turns).

poirepourri the Skirmisher (Demonspawn Berserker)   Turns: 3726, Time: 00:03:17

Health: -8/42      AC:  3    Str: 18    XL:     5   Next: 86%
Magic:  5/5        EV: 13    Int:  9    God:    Trog [**....]
Gold:   100        SH:  4    Dex: 16    Spells: 0 memorised, 4 levels left

rFire  x . .     SeeInvis .     a - +0 hand axe
rCold  + . .     Gourm    .     b - +1 animal skin
rNeg   . . .     Faith    .     e - +0 buckler
rPois  .         Spirit   .     (no helmet)
rElec  .         Dismiss  .     (no cloak)
rCorr  .         Reflect  .     (no gloves)
SustAt .         Harm     .     (no boots)
MR     ++...                    (no amulet)
Stlth  +++.......               (no ring)
                                f - ring of ice

@: exhausted, regenerating, slowed, very slow, very resistant to hostile
enchantments, fairly stealthy
A: claws 2, thin skeletal structure 2
a: Berserk, Trog's Hand, Burn Spellbooks, Renounce Religion


You were on level 3 of the Dungeon.
You worshipped Trog.
Trog was pleased with you.
You were not hungry.

You visited 1 branch of the dungeon, and saw 3 of its levels.

You collected 100 gold pieces.

Inventory:

Hand Weapons
 a - a +0 hand axe (weapon)
Armour
 b - a +1 animal skin (worn)
 e - a +0 buckler (worn)
Jewellery
 f - a ring of ice (left claw)
Potions
 h - a potion of lignification {unknown}
 k - a potion of cure mutation {unknown}
 l - a potion of agility {unknown}


   Skills:
 + Level 4.3 Fighting
 + Level 3.3 Axes
 + Level 1.8 Armour
 + Level 3.8 Dodging
 + Level 0.6 Stealth
 + Level 1.5 Shields


You had 4 spell levels left.
You didn't know any spells.

Dungeon Overview and Level Annotations

Branches:
Dungeon (3/15)

Altars:
Xom


Innate Abilities, Weirdness & Mutations

You have very sharp fingernails.
You have a moderately thin skeletal structure (Dex +4, Stealth+).


Message History

The gnoll hits you with a halberd.
You hit the gnoll but do no damage. The gnoll barely misses you.
The gnoll hits you with a halberd!
You hit the gnoll but do no damage. You block the gnoll's attack.
You hit the gnoll.
The gnoll is moderately wounded.
The gnoll hits you with a halberd!
You're too exhausted to go berserk.
Your skin crawls.
You feel resistant to hostile enchantments.
You feel slightly more hungry. The gnoll barely misses you.
The gnoll misses you.
Drink which item? (? for menu, Esc to quit)
You feel better. The gnoll hits you with a halberd!!
* * * LOW HITPOINT WARNING * * *
You're too exhausted to go berserk.
You hit the gnoll.
The gnoll is heavily wounded.
The gnoll misses you. The gnoll hits you with a halberd!
You die...

#############
g....?.......
............# #...# #.#
#..(# #.# #...# #(#
.####...###.########.###
........).....gg@......+
#####...###.#########.##
#######.###
#.....########
#.....)...).(#. ##
#......#####.#....#
##.8#8.# #.#..#.#
#.#?#.# #.#..#.# #.8#8.#
#.#....#


You could see 2 gnolls.

Vanquished Creatures
  The ghost of poirepourri the Skirmisher, an amateur DsBe of Trog (D:3)
  2 gnolls (D:3)
  4 adders
  3 oozes
  A worm (D:2)
  3 giant geckos
  5 bats
  5 giant cockroaches
  4 goblins
  3 hobgoblins
  2 jackals (D:3)
  A quokka (D:1)
  A ball python (D:1)
  5 giant newts
  3 kobolds
  6 rats
49 creatures vanquished.

Notes
Turn   | Place    | Note
--------------------------------------------------------------
     0 | D:1      | poirepourri the Demonspawn Berserker began the quest for the Orb.
     0 | D:1      | Reached XP level 1. HP: 18/18 MP: 1/1
   560 | D:1      | Gained mutation: You have a somewhat thin skeletal structure (Dex +2, Stealth). [demonic ancestry]
   560 | D:1      | Reached XP level 2. HP: 9/24 MP: 2/2
  1518 | D:2      | Found a shimmering altar of Xom.
  1581 | D:2      | Gained mutation: You have sharp fingernails. [demonic ancestry]
  1581 | D:2      | Reached XP level 3. HP: 18/30 MP: 3/3
  2106 | D:2      | Reached ** piety under Trog
  2605 | D:2      | Gained mutation: You have very sharp fingernails. [demonic ancestry]
  2605 | D:2      | Reached XP level 4. HP: 13/37 MP: 4/4
  3569 | D:3      | Noticed poirepourri's ghost (amateur DsBe)
  3587 | D:3      | Killed poirepourri's ghost
  3587 | D:3      | Reached skill level 4 in Fighting
  3587 | D:3      | Reached skill level 1 in Shields
  3587 | D:3      | Gained mutation: You have a moderately thin skeletal structure (Dex +4, Stealth+). [demonic ancestry]
  3587 | D:3      | Reached XP level 5. HP: 29/42 MP: 5/5
  3726 | D:3      | Mangled by a gnoll

Vault maps used:
D:1:      minmay_arrival_wavy_path
D:2:      first_bread, xom_teletrap_fun
D:3:      nicolae_overflow_crystal_walls, nicolae_overflow_hidden_temple,
          minmay_statues_item

Action                   |  1- 3 |  4- 6 || total
-------------------------+-------+-------++-------
Melee: Hand axe          |   144 |    48 ||   192
Invok: Berserk           |       |     2 ||     2
       Trog's Hand       |       |     2 ||     2
  Use: Scroll            |     4 |       ||     4
       Potion            |     1 |     1 ||     2
 Stab: Sleeping          |     2 |       ||     2
  Eat: Bread ration      |     1 |     1 ||     2
       Royal jelly       |       |     1 ||     1
